 Dungeon Crawl Stone Soup version 0.16.2-12-gd0ad4c3 (webtiles) character file.

291 Gartch the Magician (level 6, -2/32 HPs)
             Began as a Gargoyle Earth Elementalist on Oct 20, 2015.
             Slain by a worker ant (4 damage)
             ... on level 4 of the Dungeon.
             The game lasted 01:13:11 (9007 turns).

Gartch the Magician (Gargoyle Earth Elementalist)   Turns: 9007, Time: 01:13:12

Health: -2/32      AC:  7    Str: 11    XL:     6   Next: 32%
Magic:  17/17      EV: 12    Int: 18    God:
Gold:   141        SH:  0    Dex: 10    Spells: 5 memorised, 0 levels left

rFire  . . .     SeeInvis .     j - +0 mace
rCold  . . .     Clarity  .     c - +1 robe
rNeg   + . .     SustAb   .     (no shield)
rPois  ∞         Gourm    .     (no helmet)
rElec  +         Spirit   .     (no cloak)
rCorr  .         Warding  .     (no gloves)
rMut   .         Stasis   .     (no boots)
MR     .....                    (no amulet)
Stlth  ++........               (no ring)
                                (no ring)

@: not resistant to hostile enchantments, unstealthy
A: negative energy resistance 1, electricity resistance, unbreathing,
petrification resistance, rot immunity, AC +4
a: no special abilities


You were on level 4 of the Dungeon.
You were hungry.

You visited 1 branch of the dungeon, and saw 4 of its levels.

You collected 141 gold pieces.

Inventory:

Hand weapons
 g - a +0 club
 i - a +0 dagger
 j - a +0 mace (weapon)
 m - a +0 hunting sling
 v - a +0 whip
 y - a +0 hunting sling
 B - a +0 short sword
 C - a +0 hand axe
 F - a +0 hunting sling
 G - a +0 rapier
 H - a +0 hunting sling
 K - a +0 flail
 P - a +0 short sword
 Q - a +0 dagger
 R - a +0 hunting sling
 V - a +0 flail
Missiles
 b - 175 stones (quivered)
 h - 16 sling bullets
 q - 64 arrows
 u - 21 bolts
 E - 9 tomahawks
 S - a throwing net
 X - 2 poisoned tomahawks
 Y - 14 poisoned needles
Armour
 c - a +1 robe (worn)
 e - a +0 ring mail
 k - a +0 ring mail
 o - a +0 pair of gloves
 r - a cursed +0 leather armour
 s - a +0 scale mail
 z - a +0 leather armour
 A - a +0 leather armour
 I - a +0 leather armour
 N - a +0 ring mail
 T - a +0 leather armour
Jewellery
 x - an uncursed ring of teleport control {unknown}
 U - a cursed -5 ring of dexterity {unknown}
Scrolls
 n - 3 scrolls of magic mapping
 J - 2 scrolls of amnesia {unknown}
 L - a scroll of teleportation
Potions
 l - 2 potions of flight
 w - 2 potions of restore abilities
 M - a potion of berserk rage {unknown}
 O - 2 potions of curing
 W - 2 potions of haste {unknown}
 Z - a potion of cancellation {unknown}
Books
 d - a book of Geomancy

   Spells                             Type                      Level
   a - Sandblast                      Earth                        1
   b - Stoneskin                      Transmutation/Earth          2
   c - Passwall                       Transmutation/Earth          3
   d - Stone Arrow                    Conjuration/Earth            3
   e - Petrify                        Transmutation/Earth          4
   f - Lee's Rapid Deconstruction     Earth                        5
Comestibles
 a - 3 bread rations
 f - 3 beef jerkies
 p - a royal jelly
 t - 3 meat rations
 D - 2 slices of pizza


   Skills:
 - Level 1.5 Dodging
 - Level 2.1 Stealth
 - Level 5.1 Spellcasting
 - Level 1.0 Conjurations
 - Level 0.7 Transmutations
 + Level 5.1 Earth Magic


You couldn't memorise any spells.
You knew the following spells:

 Your Spells              Type           Power        Failure   Level  Hunger
a - Sandblast             Erth           ###...       1%          1    None
b - Stoneskin             Trmt/Erth      ###.....     8%          2    #......
c - Stone Arrow           Conj/Erth      ###...       14%         3    ##.....
d - Petrify               Trmt/Erth      ###.....     41%         4    ####...
e - Lee's Rapid Deconstr  Erth           ###.......   54%         5    ######.


Dungeon Overview and Level Annotations

Branches:
Dungeon (4/15)
 Temple: D:4-7

Altars:

Annotations:
D:3 Natasha, Robin


Innate Abilities, Weirdness & Mutations

You are resistant to torment.
You are immune to poison.
Your stone body is very resilient (AC +4).
You resist negative energy.
You are resistant to electric shocks.
You can survive without breathing.
You are immune to petrification.
You are immune to rotting.


Message History

The worker ant bites you but does no damage.
The worker ant bites you but does no damage.
There is a stone staircase leading up here.
The worker ant bites you.
* * * LOW HITPOINT WARNING * * *
The worker ant barely misses you. The worker ant barely misses you.
The worker ant closely misses you.
There is a stone staircase leading up here.
The worker ant bites you but does no damage.
The worker ant bites you.
* * * LOW HITPOINT WARNING * * *
The worker ant bites you but does no damage.
The worker ant barely misses you.
There is a stone staircase leading up here.
The worker ant barely misses you. The worker ant bites you.
* * * LOW HITPOINT WARNING * * *
The worker ant bites you.
You die...

### ##.####### #####
#...##....
#...#######...##....
#.#.a..........#....
#..@########........
###.## #........... #..##
#...........
##..###.....>.....
##...<........... ####
####.......#.... ##...#
#......##...#.
##.....#####.#...........
#.......##.#.#.#####.#...


You could see a worker ant.

Vanquished Creatures
  2 worker ants
  A worker ant zombie (D:3)
  13 adders
  4 worms
  5 giant geckos
  2 oozes
  4 orcs
  4 giant cockroaches
  14 hobgoblins
  2 quokkas
  A ball python (D:1)
  11 bats
  6 giant newts
  22 goblins
  A jackal skeleton (D:4)
  10 kobolds
  10 rats
112 creatures vanquished.

Notes
Turn   | Place    | Note
--------------------------------------------------------------
     0 | D:1      | Gartch, the Gargoyle Earth Elementalist, began the quest for the Orb.
     0 | D:1      | Reached XP level 1. HP: 10/10 MP: 3/3
   585 | D:1      | Reached XP level 2. HP: 13/15 MP: 5/5
   589 | D:1      | Learned a level 2 spell: Stoneskin
  1876 | D:2      | Reached XP level 3. HP: 19/19 MP: 8/8
  2153 | D:2      | Reached skill level 4 in Earth Magic
  2239 | D:2      | Learned a level 3 spell: Stone Arrow
  2791 | D:2      | Reached XP level 4. HP: 12/24 MP: 4/9
  3674 | D:2      | Reached XP level 5. HP: 28/28 MP: 13/13
  4169 | D:2      | Reached skill level 5 in Earth Magic
  4830 | D:3      | Reached skill level 1 in Conjurations
  5281 | D:3      | Noticed Natasha
  6361 | D:3      | Learned a level 4 spell: Petrify
  6816 | D:3      | Noticed Robin
  7194 | D:4      | Reached XP level 6. HP: 32/32 MP: 16/16
  7198 | D:4      | Noticed a phantom
  8115 | D:4      | Reached skill level 5 in Spellcasting
  8392 | D:4      | Learned a level 5 spell: Lee's Rapid Deconstruction
  9007 | D:4      | Slain by a worker ant

Action                   |  1- 3 |  4- 6 || total
-------------------------+-------+-------++-------
Melee: Club              |    24 |       ||    24
       Unarmed           |    13 |       ||    13
       Mace              |   117 |   371 ||   488
Throw: Stone             |    46 |   166 ||   212
 Cast: Sandblast         |     6 |    33 ||    39
       Stoneskin         |     2 |       ||     2
  Use: Scroll            |     6 |     2 ||     8
 Stab: Sleeping          |     1 |     3 ||     4
  Eat: Chunk             |     6 |    18 ||    24
       Fruit             |       |     2 ||     2
